 Dungeon Crawl Stone Soup version 0.30-a0-847-g17996783a1 (webtiles) character file.

Game seed: 8420912762216867731

124 qeuew the Cudgeller (level 4, 0/35 HPs)
             Began as a Demonspawn Chaos Knight on Mar 3, 2023.
             Was a Plaything of Xom.
             Slain by an ogre
             ... wielding a +0 giant spiked club
              (14 damage)
             ... on level 3 of the Dungeon.
             The game lasted 00:02:14 (1800 turns).

qeuew the Cudgeller (Demonspawn Chaos Knight)       Turns: 1800, Time: 00:02:14

Health: 0/35       AC:  5    Str: 15    XL:     4   Next: 81%
Magic:  4/4        EV: 18    Int: 13    God:    Xom [...*..]
Gold:   159        SH:  0    Dex: 12    Spells: 3/3 levels left

rFire   . . .      SeeInvis .    a - +1 mace (chaos)
rCold   . . .      Faith    .    (no shield)
rNeg    . . .      Spirit   .    b - +2 leather armour
rPois   .          Reflect  .    (no helmet)
rElec   .          Rampage  .    (no cloak)
rCorr   .                        (no gloves)
Will    .....                    (no boots)
Stlth   +                        (no amulet)
HPRegen 0.25/turn                e - +5 ring of evasion
MPRegen 0.18/turn                (no ring)

@: no status effects
A: repulsion field 1, foul stench 1, magic regeneration
a: Renounce Religion


You were on level 3 of the Dungeon.
You worshipped Xom.
You were a favourite toy of Xom.
You visited 1 branch of the dungeon, and saw 3 of its levels.

You collected 159 gold pieces.

Inventory:

Hand Weapons
 a - a +1 mace of chaos (weapon)
Armour
 b - a +2 leather armour (worn)
Jewellery
 e - a +5 ring of evasion (left hand)
Scrolls
 d - a scroll of fear
 g - a scroll of enchant weapon
 h - a scroll of noise {unknown}
 k - a scroll of identify
Potions
 i - a potion of degeneration {unknown}
 j - a potion of curing
Miscellaneous
 c - a piece from Xom's chessboard (15/15) (quivered)


   Skills:
 + Level 3.4 Fighting
 * Level 3.5 Maces & Flails
 * Level 2.9 Armour
 + Level 1.8 Dodging
 + Level 1.2 Evocations


You had 3 spell levels left.
You didn't know any spells.
Your spell library contained the following spells:

 Spells                   Type           Power      Damage    Failure   Level
 Freeze                   Ice            0%         1d3       36%         1
 Slow                     Hex            0%         N/A       36%         1
 Call Canine Familiar     Summ           0%         N/A       75%         3
 Confusing Touch          Hex            0%         N/A       75%         3
 Frozen Ramparts          Ice            0%         1d1       75%         3
 Hailstorm                Conj/Ice       0%         3d3       75%         3
 Portal Projectile        Hex/Tloc       0%         N/A       75%         3
 Stone Arrow              Conj/Erth      0%         3d7       75%         3
 Vampiric Draining        Necr           0%         2d6       75%         3
 Animate Armour           Summ/Erth      0%         N/A       98%         4
 Leda's Liquefaction      Hex/Erth       0%         N/A       98%         4
 Lehudib's Crystal Spear  Conj/Erth      0%         10d2      100%        8


Dungeon Overview and Level Annotations

Branches:
Dungeon (3/15)

Altars:

Annotations:
D:3 3 runed translucent doors, Jessica; SkeletonJelly's ghost, amateur KoBr


Innate Abilities, Weirdness & Mutations

You are surrounded by a mild repulsion field. (EV +2)
You may rarely emit foul miasma when damaged in melee.
You regenerate magic rapidly.


Message History

The ogre is heavily wounded.
Jessica closely misses you. The frilled lizard misses you.
The ogre hits you with a +0 giant spiked club!!
Ouch! That really hurt!
* * * LOW HITPOINT WARNING * * *
You are too injured to fight recklessly!
You are too injured to fight recklessly!
You are too injured to fight recklessly!
You are too injured to fight recklessly!
You are too injured to fight recklessly!
You are too injured to fight recklessly!
You are too injured to fight recklessly!
You are too injured to fight recklessly!
You are too injured to fight recklessly!
You are too injured to fight recklessly!
You are too injured to fight recklessly!
You are too injured to fight recklessly!
You are too injured to fight recklessly!
You are too injured to fight recklessly!
You are too injured to fight recklessly!
You are too injured to fight recklessly!
You hit Jessica.
Jessica is lightly wounded.
Jessica closely misses you.
The frilled lizard completely misses you.
You hit the ogre. You freeze the ogre.
The ogre is severely wounded.
The quokka barely misses you. Jessica gestures at you while chanting.
Pain shoots through your body!
* * * LOW HITPOINT WARNING * * *
The frilled lizard bites you but does no damage.
The ogre misses you. The quokka misses you.
You feel much better.
Jessica grins evilly.
Jessica hits you with a +0 dagger.
The frilled lizard bites you but does no damage.
The ogre hits you with a +0 giant spiked club!
You die...
Xom howls with laughter!

#.####..######.K.......
#...>........#..##+++##
#.......####.#.##KK.KK#
#..............#KK#W#.K
#......####.#..#8.# #
#......# #.#..#KK#
###########.##.##..
#........#.##..##$$
##........#.##.@@###
..........'.##.Olr..)...
..........###...JK......
..........# #...........
..........# #...........
†.........# #...........
##........# ##..........
r #........# #..........
K ##########


You could see an ogre, Jessica, an endoplasm, a quokka, a kobold and a frilled
lizard.

Vanquished Creatures
  Natasha (thrice) (D:2)
  An adder (D:3)
  A worm (D:2)
  7 ball pythons
  An endoplasm (D:2)
  A giant cockroach (D:1)
  5 goblins
  3 hobgoblins
  4 kobolds
  A quokka (D:1)
  5 bats
  3 frilled lizards
  6 rats
41 creatures vanquished.

Vanquished Creatures (others)
  3 fungi (D:3)
  A plant (D:3)
4 creatures vanquished.

Grand Total: 45 creatures vanquished

Notes
Turn   | Place    | Note
-------+----------+-------------------------------------------
     0 | D:1      | qeuew the Demonspawn Chaos Knight began the quest for the
                  | Orb.
     0 | D:1      | Reached XP level 1. HP: 18/18 MP: 1/1
    63 | D:1      | Reached skill level 1 in Dodging
   141 | D:1      | XOM: divination: detect items
   167 | D:1      | Gained mutation: You are surrounded by a mild repulsion
                  | field. (EV +2) [demonic ancestry]
   167 | D:1      | Reached XP level 2. HP: 21/24 MP: 2/2
   904 | D:2      | Gained mutation: You may rarely emit foul miasma when
                  | damaged in melee. [demonic ancestry]
   904 | D:2      | Reached XP level 3. HP: 29/29 MP: 3/3
   975 | D:2      | XOM: polymorph adder -> bat
  1016 | D:2      | Noticed Natasha
  1025 | D:2      | Killed Natasha
  1185 | D:2      | XOM: god gift: 32 gold pieces
  1198 | D:2      | Noticed Natasha
  1213 | D:2      | Killed Natasha
  1214 | D:2      | Reached skill level 1 in Evocations
  1214 | D:2      | Gained mutation: You regenerate magic rapidly. [demonic
                  | ancestry]
  1214 | D:2      | Reached XP level 4. HP: 8/35 MP: 4/4
  1221 | D:2      | Noticed Natasha
  1231 | D:2      | Killed Natasha
  1736 | D:3      | Found a runed translucent gate.
  1736 | D:3      | Found a runed translucent gate.
  1736 | D:3      | Found a runed translucent gate.
  1739 | D:3      | Noticed SkeletonJelly's ghost (amateur KoBr)
  1739 | D:3      | Noticed a kobold brigand
  1787 | D:3      | Noticed Jessica
  1789 | D:3      | Noticed an ogre
  1790 | D:3      | XOM: divination: detect creatures
  1800 | D:3      | Slain by an ogre

Illustrated notes

Levels and vault maps discovered:
D:1:      tarquinn_simple_flora_water_d, layout_basic
D:2:      layout_loops_corners, hex_medium, uniq_natasha
D:3:      layout_basic, gammafunk_ghost_nasty_kobolds, uniq_jessica

Skill      XL: |  1  2  3 |
---------------+----------+-----
Dodging        | 1 |  1.8
Armour         | 2 |  2.9
Maces & Flails | 3 |  3.5
Evocations     | 1 |  1.2
Fighting       | |  3.4

Action                     |  1- 3 |  4- 6 || total
---------------------------+-------+-------++-------
  Melee: Mace              |   100 |    27 ||   127
         Punch             |     1 |     2 ||     3
    Use: Scroll            |     5 |     4 ||     9
         Potion            |       |     2 ||     2
   Stab: Paralysed         |     1 |       ||     1
         Confused          |     1 |       ||     1
 Armour: Leather armour    |    22 |     7 ||    29
  Dodge: Dodged            |   102 |    34 ||   136

Table legend: (Time is in decaauts)
 A = Elapsed time spent in this place.
 B = Non-inter-level travel time spent in this place.
 C = Inter-level travel time spent in this place.
 D = Time resting spent in this place.
 E = Time spent auto-exploring this place.
 F = Levels seen in this place.
 G = Mean time per level.
                   A        B        C        D        E       F      G
               +--------+--------+--------+--------+--------+-----+--------+
         Total |   1826 |   1796 |     30 |      0 |   1456 |   3 |  608.7 |
       Dungeon |   1826 |   1796 |     30 |      0 |   1456 |   3 |  608.7 |
               +--------+--------+--------+--------+--------+-----+--------+

Top non-repeatable levels by time:
     D:2: 1027 daAuts
     D:1: 667 daAuts
     D:3: 131 daAuts
